TOP OF THE 1ST |
Calgary Cowboys batting - Pitching for District 9 Prawns : LHP David Jackson
|
Pitching: LHP David Jackson
|
|
Batting: RHB Clark Hodge
|
0-0: Fly out, F8 (Line Drive, 8RM)
|
Batting: SHB Juan Acevado
|
0-0: Swinging Strike 0-1: Ball 1-1: Ground out 5-3 (Groundball, 5)
|
Batting: RHB Dan Wyatt
|
0-0: Ball 1-0: Ball 2-0: Ball 3-0: Base on Balls
|
Batting: RHB Cristián Peńa
|
0-0: Called Strike 0-1: Ball 1-1: Called Strike 1-2: SINGLE (Line Drive, 6MD) Dan Wyatt to second Runner from 2nd tries for 3rd, SAFE, throw made to third
|
Batting: RHB Jorge Balencia
|
0-0: Ball 1-0: Called Strike 1-1: Ball 2-1: Fly out, F3 (Popup, 34)
|
Top of the 1st over - 0 run(s), 1 hit(s), 0 error(s), 2 left on base; Calgary 0 - District 9 0 |
BOTTOM OF THE 1ST |
District 9 Prawns batting - Pitching for Calgary Cowboys : RHP Eric Bell
|
Pitching: RHP Eric Bell
|
|
Batting: LHB Enrique Nalasco
|
0-0: Ball 1-0: Fly out, F8 (Flyball, 8RXD)
|
Batting: SHB Tommy Bourassa
|
0-0: Foul Ball, location: 2F 0-1: Ball 1-1: Foul Ball, location: 2F 1-2: Strikes out swinging
|
Batting: LHB Leland Hardy
|
0-0: Called Strike 0-1: Foul Ball, location: 2F 0-2: Ball 1-2: Strikes out swinging
|
Bottom of the 1st over - 0 run(s), 0 hit(s), 0 error(s), 0 left on base; Calgary 0 - District 9 0 |
TOP OF THE 2ND |
Calgary Cowboys batting - Pitching for District 9 Prawns : LHP David Jackson
|
Batting: RHB Ramón Martínez
|
0-0: SINGLE (Groundball, 4MD)
|
Batting: RHB Jesús Hernández
|
0-0: Swinging Strike 0-1: Ball 1-1: Swinging Strike 1-2: Ball 2-2: Strikes out swinging
|
Batting: RHB Tom Yarbrough
|
0-0: Called Strike 0-1: Called Strike 0-2: Ball Wild Pitch! Ramón Martínez to second 1-2: Ball 2-2: Foul Ball, location: 2F 2-2: Ball 3-2: Foul Ball, location: 2F 3-2: Base on Balls
|
Batting: RHB Iain Liefting
|
0-0: Fly out, F9 (Flyball, 89M)
|
Batting: RHB Clark Hodge
|
0-0: Ball 1-0: Ball 2-0: Ball 3-0: Called Strike 3-1: Swinging Strike 3-2: Foul Ball, location: 2F 3-2: Ground out 5-3 (Groundball, 6)
|
Top of the 2nd over - 0 run(s), 1 hit(s), 0 error(s), 2 left on base; Calgary 0 - District 9 0 |
BOTTOM OF THE 2ND |
District 9 Prawns batting - Pitching for Calgary Cowboys : RHP Eric Bell
|
Batting: LHB Ryan Hensley
|
0-0: Ball 1-0: Called Strike 1-1: Ball 2-1: Ball 3-1: Foul Ball, location: 2F 3-2: Foul Ball, location: 2F 3-2: Base on Balls
|
Batting: RHB Lúcio García
|
0-0: Grounds into double play, 4-6-3 (Groundball, 4)
|
Batting: RHB Alfredo Cortéz
|
0-0: Called Strike 0-1: Ball 1-1: Fly out, F6 (Line Drive, 6M)
|
Bottom of the 2nd over - 0 run(s), 0 hit(s), 0 error(s), 0 left on base; Calgary 0 - District 9 0 |
TOP OF THE 3RD |
Calgary Cowboys batting - Pitching for District 9 Prawns : LHP David Jackson
|
Batting: SHB Juan Acevado
|
0-0: Ball 1-0: Called Strike 1-1: Swinging Strike 1-2: Ball 2-2: Strikes out looking
|
Batting: RHB Dan Wyatt
|
0-0: Ball 1-0: Called Strike 1-1: Ball 2-1: Ball 3-1: SOLO HOME RUN (Flyball, 9D), Distance : 400 ft
|
Batting: RHB Cristián Peńa
|
0-0: Fly out, F2 (Popup, 2LF)
|
Batting: RHB Jorge Balencia
|
0-0: Fly out, F8 (Flyball, 8LXD)
|
Top of the 3rd over - 1 run(s), 1 hit(s), 0 error(s), 0 left on base; Calgary 1 - District 9 0 |
BOTTOM OF THE 3RD |
District 9 Prawns batting - Pitching for Calgary Cowboys : RHP Eric Bell
|
Batting: RHB Bill Beck
|
0-0: Ball 1-0: Swinging Strike 1-1: Foul Ball, location: 2F 1-2: Fly out, F4 (Line Drive, 4)
|
Batting: RHB Marcos Moreno
|
0-0: Ball 1-0: Ball 2-0: Called Strike 2-1: Ball 3-1: Called Strike 3-2: Base on Balls
|
Batting: RHB Manuel Cortéz
|
0-0: Ball 1-0: Ball 2-0: Ball 3-0: Base on Balls Marcos Moreno to second
|
Batting: LHB Enrique Nalasco
|
0-0: Ball 1-0: Foul Ball, location: 2F 1-1: Ball 2-1: Called Strike 2-2: Foul Ball, location: 2F 2-2: SINGLE (Groundball, 6MD) Marcos Moreno to third Manuel Cortéz to second Runner from 3rd tries for Home, SAFE, no throw or cutoff
|
Batting: SHB Tommy Bourassa
|
0-0: 3-RUN HOME RUN (Flyball, 9D), Distance : 381 ft
|
Batting: LHB Leland Hardy
|
0-0: Ball 1-0: Ball 2-0: Ball 3-0: Called Strike 3-1: Ground out U3 (Groundball, 3)
|
Batting: LHB Ryan Hensley
|
0-0: Called Strike 0-1: Ground out 6-3 (Groundball, 6)
|
Bottom of the 3rd over - 4 run(s), 2 hit(s), 0 error(s), 0 left on base; Calgary 1 - District 9 4 |
TOP OF THE 4TH |
Calgary Cowboys batting - Pitching for District 9 Prawns : LHP David Jackson
|
Batting: RHB Ramón Martínez
|
0-0: Foul Ball, location: 2F 0-1: Called Strike 0-2: Fly out, F4 (Popup, 3D)
|
Batting: RHB Jesús Hernández
|
0-0: Called Strike 0-1: Swinging Strike 0-2: Strikes out swinging
|
Batting: RHB Tom Yarbrough
|
0-0: Foul Ball, location: 2F 0-1: Ground out 1-3 (Groundball, 13S)
|
Top of the 4th over - 0 run(s), 0 hit(s), 0 error(s), 0 left on base; Calgary 1 - District 9 4 |
BOTTOM OF THE 4TH |
District 9 Prawns batting - Pitching for Calgary Cowboys : RHP Eric Bell
|
Batting: RHB Lúcio García
|
0-0: Ball 1-0: SINGLE (Flyball, 7S)
|
Batting: RHB Alfredo Cortéz
|
0-0: Ball 1-0: Called Strike 1-1: Foul Ball, location: 2F 1-2: Ball 2-2: Grounds into double play, 6-4-3 (Groundball, 6M)
|
Batting: RHB Bill Beck
|
0-0: Ball 1-0: Swinging Strike 1-1: Foul Ball, location: 2F 1-2: SINGLE (Groundball, 6MD)
|
Batting: RHB Marcos Moreno
|
0-0: Ball 1-0: Fly out, F8 (Flyball, 89D)
|
Bottom of the 4th over - 0 run(s), 2 hit(s), 0 error(s), 1 left on base; Calgary 1 - District 9 4 |
TOP OF THE 5TH |
Calgary Cowboys batting - Pitching for District 9 Prawns : LHP David Jackson
|
Batting: RHB Iain Liefting
|
0-0: Called Strike 0-1: Ball 1-1: Swinging Strike 1-2: Foul Ball, location: 2F 1-2: Ball 2-2: Strikes out swinging
|
Batting: RHB Clark Hodge
|
0-0: Ball 1-0: Foul Ball, location: 2F 1-1: Swinging Strike 1-2: Strikes out swinging
|
Batting: SHB Juan Acevado
|
0-0: Ball 1-0: Ball 2-0: Ball 3-0: Called Strike 3-1: Ground out 6-3 (Groundball, 6)
|
Top of the 5th over - 0 run(s), 0 hit(s), 0 error(s), 0 left on base; Calgary 1 - District 9 4 |
BOTTOM OF THE 5TH |
District 9 Prawns batting - Pitching for Calgary Cowboys : RHP Eric Bell
|
Batting: RHB Manuel Cortéz
|
0-0: Ball 1-0: Swinging Strike 1-1: SINGLE (Flyball, 9S)
|
Batting: LHB Enrique Nalasco
|
0-0: Foul Ball, location: 2F 0-1: SINGLE (Groundball, 34D) Manuel Cortéz to second Runner from 2nd tries for 3rd, SAFE, throw made to third
|
Batting: SHB Tommy Bourassa
|
0-0: Ball 1-0: Ball 2-0: Called Strike 2-1: Called Strike 2-2: Foul Ball, location: 2F 2-2: Ball 3-2: Foul Ball, location: 2F 3-2: Foul Ball, location: 2F 3-2: Foul Ball, location: 2F 3-2: TRIPLE (Flyball, 89D) Manuel Cortéz scores Enrique Nalasco scores
|
Batting: LHB Leland Hardy
|
0-0: Ball 1-0: Foul Ball, location: 2F 1-1: Foul Ball, location: 2F 1-2: Strikes out looking
|
Batting: LHB Ryan Hensley
|
0-0: Ball 1-0: Ball 2-0: Foul Ball, location: 2F 2-1: Swinging Strike 2-2: Ball 3-2: Strikes out looking
|
Batting: RHB Lúcio García
|
0-0: Ball 1-0: SINGLE (Groundball, 56D) Tommy Bourassa scores
|
Pitching: RHP Richard Boyd
|
|
Batting: RHB Alfredo Cortéz
|
Pickoff Throw to First - Error! E1 Lúcio García to second 0-0: Swinging Strike 0-1: Ball 1-1: Ball 2-1: TRIPLE (Line Drive, 9LM) Lúcio García scores
|
Batting: RHB Bill Beck
|
0-0: Ball 1-0: Ground out 5-3 (Groundball, 5)
|
Bottom of the 5th over - 4 run(s), 5 hit(s), 1 error(s), 1 left on base; Calgary 1 - District 9 8 |
TOP OF THE 6TH |
Calgary Cowboys batting - Pitching for District 9 Prawns : LHP David Jackson
|
Batting: RHB Dan Wyatt
|
0-0: Ball 1-0: Ball 2-0: Ball 3-0: Called Strike 3-1: Base on Balls
|
Batting: RHB Cristián Peńa
|
0-0: Ball 1-0: Called Strike 1-1: Swinging Strike 1-2: Foul Ball, location: 2F 1-2: 2-RUN HOME RUN (Flyball, 8LXD), Distance : 416 ft
|
Batting: RHB Jorge Balencia
|
0-0: Ball 1-0: Ball 2-0: Called Strike 2-1: Foul Ball, location: 2F 2-2: Strikes out swinging
|
Batting: RHB Ramón Martínez
|
0-0: Called Strike 0-1: Ball 1-1: SINGLE (Groundball, 5L)
|
Pitching: RHP Bill McKinney
|
|
Batting: RHB Jesús Hernández
|
0-0: Ball 1-0: Grounds into double play, 4-6-3 (Groundball, 4)
|
Top of the 6th over - 2 run(s), 2 hit(s), 0 error(s), 0 left on base; Calgary 3 - District 9 8 |
BOTTOM OF THE 6TH |
District 9 Prawns batting - Pitching for Calgary Cowboys : RHP Richard Boyd
|
Batting: RHB Marcos Moreno
|
0-0: Swinging Strike 0-1: SINGLE (Line Drive, 7LS)
|
Batting: RHB Manuel Cortéz
|
0-0: Fielders Choice at 2nd, 5-4 (Groundball, 5L)
|
Batting: LHB Enrique Nalasco
|
0-0: SINGLE (Line Drive, 34D) Manuel Cortéz to second
|
Batting: SHB Tommy Bourassa
|
0-0: Ball 1-0: Ball 2-0: Ball 3-0: Called Strike 3-1: Swinging Strike 3-2: Strikes out swinging
|
Batting: LHB Leland Hardy
|
0-0: Foul Ball, location: 2F 0-1: Ball 1-1: Swinging Strike 1-2: Strikes out swinging
|
Bottom of the 6th over - 0 run(s), 2 hit(s), 0 error(s), 2 left on base; Calgary 3 - District 9 8 |
TOP OF THE 7TH |
Calgary Cowboys batting - Pitching for District 9 Prawns : RHP Bill McKinney
|
Batting: RHB Tom Yarbrough
|
0-0: Called Strike 0-1: Ball 1-1: Called Strike 1-2: Foul Ball, location: 2F 1-2: Ball 2-2: Foul Ball, location: 2F 2-2: Ball 3-2: Foul Ball, location: 2F 3-2: Fly out, F9 (Line Drive, 9M)
|
Batting: RHB Iain Liefting
|
0-0: Called Strike 0-1: Ball 1-1: Called Strike 1-2: Ball 2-2: Ball 3-2: Base on Balls
|
Batting: RHB Clark Hodge
|
0-0: Ball 1-0: Foul Ball, location: 2F 1-1: Foul Ball, location: 2F 1-2: Foul Ball, location: 2F 1-2: Ball 2-2: SINGLE (Flyball, 89S) Iain Liefting to second Runner from 2nd tries for 3rd, SAFE, throw made to third
|
Batting: SHB Juan Acevado
|
0-0: Swinging Strike 0-1: SINGLE (Groundball, 4MD) Iain Liefting scores Clark Hodge to second Runner from 2nd tries for 3rd, SAFE, no throw or cutoff
|
Batting: RHB Dan Wyatt
|
0-0: Ball 1-0: Ball 2-0: Ball 3-0: Called Strike 3-1: Foul Ball, location: 2F 3-2: SINGLE (Line Drive, 9LS) Clark Hodge scores Juan Acevado to second
|
Batting: RHB Cristián Peńa
|
0-0: Ball 1-0: Swinging Strike 1-1: Ball 2-1: Fly out, F7 (Flyball, 7LS)
|
Batting: RHB Jorge Balencia
|
0-0: Fielders Choice at 2nd, U6 (Groundball, 6M)
|
Top of the 7th over - 2 run(s), 3 hit(s), 0 error(s), 2 left on base; Calgary 5 - District 9 8 |
BOTTOM OF THE 7TH |
District 9 Prawns batting - Pitching for Calgary Cowboys : RHP Richard Boyd
|
Batting: LHB Ryan Hensley
|
0-0: Ball 1-0: Ball 2-0: Fly out, F8 (Flyball, 8RM)
|
Batting: RHB Lúcio García
|
0-0: Ball 1-0: Swinging Strike 1-1: Ball 2-1: DOUBLE (Flyball, 89XD)
|
Batting: RHB Alfredo Cortéz
|
0-0: Intentional Walk
|
Batting: RHB Bill Beck
|
0-0: Ball 1-0: Fly out, F7 (Flyball, 7S)
|
Batting: RHB Marcos Moreno
|
0-0: Ball 1-0: Ball 2-0: Called Strike 2-1: Swinging Strike 2-2: Ball 3-2: Base on Balls Lúcio García to third Alfredo Cortéz to second
|
Pinch Hitting: RHB Mal Snyder
|
0-0: Ball 1-0: Ball 2-0: Ball 3-0: Base on Balls Lúcio García scores Alfredo Cortéz to third Marcos Moreno to second
|
Batting: LHB Enrique Nalasco
|
0-0: Called Strike 0-1: Swinging Strike 0-2: Strikes out swinging
|
Bottom of the 7th over - 1 run(s), 1 hit(s), 0 error(s), 3 left on base; Calgary 5 - District 9 9 |
TOP OF THE 8TH |
Calgary Cowboys batting - Pitching for District 9 Prawns : RHP Bill McKinney
|
Now at SS: Harry Wade
|
|
Batting: RHB Ramón Martínez
|
0-0: Ball 1-0: Ground out 5-3 (Groundball, 5)
|
Pitching: RHP Troy Keough
|
|
Batting: RHB Jesús Hernández
|
0-0: Foul Ball, location: 2F 0-1: Ball 1-1: Fly out, F9 (Flyball, 89M)
|
Batting: RHB Tom Yarbrough
|
0-0: Ball 1-0: Ball 2-0: Ground out 5-3 (Groundball, 56)
|
Top of the 8th over - 0 run(s), 0 hit(s), 0 error(s), 0 left on base; Calgary 5 - District 9 9 |
BOTTOM OF THE 8TH |
District 9 Prawns batting - Pitching for Calgary Cowboys : RHP Richard Boyd
|
Pitching: RHP Aluizio Subgua
|
|
Batting: SHB Tommy Bourassa
|
0-0: Ball 1-0: Foul Ball, location: 2F 1-1: SINGLE (Groundball, 34D)
|
Batting: LHB Leland Hardy
|
0-0: Ball 1-0: Called Strike 1-1: Swinging Strike 1-2: Foul Ball, location: 2F 1-2: Foul Ball, location: 2F 1-2: Foul Ball, location: 2F 1-2: SINGLE (Line Drive, 89S) Tommy Bourassa to second
|
Batting: LHB Ryan Hensley
|
0-0: Foul Ball, location: 2F 0-1: Ball 1-1: Grounds into double play, U4-3 (Groundball, 4) Tommy Bourassa to third
|
Batting: RHB Lúcio García
|
0-0: Called Strike 0-1: Swinging Strike 0-2: Ground out 6-3 (Groundball, 56D)
|
Bottom of the 8th over - 0 run(s), 2 hit(s), 0 error(s), 1 left on base; Calgary 5 - District 9 9 |
TOP OF THE 9TH |
Calgary Cowboys batting - Pitching for District 9 Prawns : RHP Troy Keough
|
Batting: RHB Iain Liefting
|
0-0: Foul Ball, location: 2F 0-1: Foul Ball, location: 2F 0-2: Foul Ball, location: 2F 0-2: Ball 1-2: Fly out, F8 (Flyball, 8LM)
|
Batting: RHB Clark Hodge
|
0-0: Called Strike 0-1: Ball 1-1: Fly out, F7 (Popup, 6D)
|
Batting: SHB Juan Acevado
|
0-0: Ball 1-0: Ball 2-0: Ball 3-0: Called Strike 3-1: SINGLE (Line Drive, 6D)
|
Batting: RHB Dan Wyatt
|
0-0: Ball 1-0: Called Strike 1-1: Ball 2-1: Called Strike 2-2: Foul Ball, location: 2F 2-2: Foul Ball, location: 2F 2-2: Ball 3-2: SINGLE (Groundball, 56) Juan Acevado to second Juan Acevado to third
|
Pitching: RHP Eric Love
|
|
Batting: RHB Cristián Peńa
|
0-0: Ball 1-0: Called Strike 1-1: Ball 2-1: SINGLE (Groundball, 6M) Juan Acevado scores Dan Wyatt to second
|
Batting: RHB Jorge Balencia
|
0-0: Called Strike 0-1: Ball 1-1: Fly out, F7 (Flyball, 7M)
|
Top of the 9th over - 1 run(s), 3 hit(s), 0 error(s), 2 left on base; Calgary 6 - District 9 9 |
|